PUB
ORLANDO ORACLES @ IRON CITY EDDIES
05/06/1972
 
TOP OF THE 1ST
Orlando Oracles batting - Pitching for Iron City Eddies : RHP Bill Parsons
Pitching: RHP Bill Parsons
Batting: LHB Matty Alou 0-0: Swinging Strike
0-1: Ball
1-1: Ball
2-1: Ball
3-1: Swinging Strike
3-2: Base on Balls
Batting: RHB Bill Freehan 0-0: Called Strike
0-1: Ball
1-1: Bunted foul
1-2: Ball
2-2: Grounds into double play, 5-4-3 (Groundball, 5L, EV 108.8 MPH)
Batting: LHB Rusty Staub 0-0: Ball
1-0: Fly out, F9 (Line Drive, 9D, EV 95.6 MPH)
Top of the 1st over - 0 runs, 0 hits, 0 errors, 0 left on base; Orlando 0 - Iron City 0
BOTTOM OF THE 1ST
Iron City Eddies batting - Pitching for Orlando Oracles : LHP Gregory Allen
Pitching: LHP Gregory Allen
Batting: RHB Mike Ellis 0-0: Ball
1-0: Called Strike
1-1: Foul Ball, location: 5SF
1-2: Foul Ball, location: 5F
1-2: Ball
2-2: Foul Ball, location: 7LMF
2-2: Foul Ball, location: 3DF
2-2: Foul Ball, location: 5DF
2-2: Ball
3-2: Ground out 6-3 (Groundball, 6, EV 85.6 MPH)
Batting: SHB Larry Bowa 0-0: Ground out 4-3 (Groundball, 4M, EV 103.1 MPH)
Batting: RHB Dwaine Bullivant 0-0: Ball
1-0: DOUBLE (Line Drive, 9LS, EV 111.3 MPH)
Batting: RHB Jason Wright 0-0: Ball
1-0: Ball
2-0: Ball
3-0: Base on Balls
Batting: RHB Jed Hembree 0-0: Foul Ball, location: 23FF
0-1: Called Strike
0-2: Ground out 5-3 (Groundball, 56S, EV 68.8 MPH)
Bottom of the 1st over - 0 runs, 1 hit, 0 errors, 2 left on base; Orlando 0 - Iron City 0
TOP OF THE 2ND
Orlando Oracles batting - Pitching for Iron City Eddies : RHP Bill Parsons
Batting: LHB Ron Gamble 0-0: Called Strike
0-1: Ball
1-1: Foul Ball, location: 3SF
1-2: Ball
2-2: Foul Ball, location: 9LMF
2-2: Foul Ball, location: 3F
2-2: Ground out 4-3 (Groundball, 4, EV 107.5 MPH)
Batting: RHB Edward Wilson 0-0: Ball
1-0: Ball
2-0: Called Strike
2-1: Swinging Strike
2-2: Ground out 6-3 (Groundball, 6MD, EV 94.4 MPH)
Batting: LHB Ken'ichi Taketo 0-0: Ball
1-0: Foul Ball, location: 2F
1-1: Ball
2-1: Fly out, F7 (Flyball, 7LSF, EV 83.8 MPH)
Top of the 2nd over - 0 runs, 0 hits, 0 errors, 0 left on base; Orlando 0 - Iron City 0
BOTTOM OF THE 2ND
Iron City Eddies batting - Pitching for Orlando Oracles : LHP Gregory Allen
Batting: RHB John Orsino 0-0: Ball
1-0: Ball
2-0: Ball
3-0: Called Strike
3-1: Called Strike
3-2: Foul Ball, location: 3F
3-2: Strikes out looking
Batting: RHB Alex Díaz 0-0: Called Strike
0-1: Ball
1-1: Foul Ball, location: 7LMF
1-2: Ground out 6-3 (Groundball, 6M, EV 103.1 MPH)
Batting: LHB Vic Davalillo 0-0: Called Strike
0-1: Ball
1-1: Swinging Strike
1-2: Foul Ball, location: 7LMF
1-2: Strikes out swinging
Bottom of the 2nd over - 0 runs, 0 hits, 0 errors, 0 left on base; Orlando 0 - Iron City 0
TOP OF THE 3RD
Orlando Oracles batting - Pitching for Iron City Eddies : RHP Bill Parsons
Batting: RHB Miguel Chávez 0-0: Foul Ball, location: 5SF
0-1: Called Strike
0-2: Foul Ball, location: 25F
0-2: Foul Ball, location: 9LDF
0-2: Ball
1-2: Strikes out swinging
Batting: RHB Dan Brown 0-0: Called Strike
0-1: Swinging Strike
0-2: Ball
1-2: Foul Ball, location: 5DF
1-2: Fly out, F4 (Popup, 4S, EV 66.3 MPH)
Batting: LHB Gregory Allen 0-0: SINGLE (Line Drive, 9LS, EV 105.6 MPH)
Batting: LHB Matty Alou 0-0: Ball
1-0: Ball
2-0: Ball
3-0: Called Strike
3-1: Fly out, F9 (Flyball, 9S, EV 90.0 MPH)
Top of the 3rd over - 0 runs, 1 hit, 0 errors, 1 left on base; Orlando 0 - Iron City 0
BOTTOM OF THE 3RD
Iron City Eddies batting - Pitching for Orlando Oracles : LHP Gregory Allen
Batting: RHB Bill Parsons 0-0: Swinging Strike
0-1: Swinging Strike
0-2: Strikes out swinging
Batting: RHB Mike Ellis 0-0: Ball
1-0: Ball
2-0: Ball
3-0: Base on Balls
Batting: SHB Larry Bowa 0-0: Called Strike
0-1: SINGLE (Groundball, 3D, EV 110.0 MPH)
Mike Ellis to second
Throwing error, E9
Mike Ellis scores
Larry Bowa to second
Batting: RHB Dwaine Bullivant 0-0: Called Strike
Larry Bowa is caught stealing 3rd base 2-5
0-1: Ball
1-1: Ball
2-1: Foul Ball, location: 7LSF
2-2: Ball
3-2: Ground out 4-3 (Groundball, 34, EV 76.3 MPH)
Bottom of the 3rd over - 1 run, 1 hit, 1 error, 0 left on base; Orlando 0 - Iron City 1
TOP OF THE 4TH
Orlando Oracles batting - Pitching for Iron City Eddies : RHP Bill Parsons
Batting: RHB Bill Freehan 0-0: SINGLE (Groundball, 56S, EV 74.4 MPH)
Batting: LHB Rusty Staub 0-0: Ball
1-0: Ball
2-0: Called Strike
2-1: Swinging Strike
2-2: Ball
3-2: Base on Balls
Bill Freehan to second
Batting: LHB Ron Gamble 0-0: Fly out, F9 (Line Drive, 89M, EV 101.9 MPH)
Batting: RHB Edward Wilson 0-0: Swinging Strike
0-1: Swinging Strike
0-2: Foul Ball, location: 2RF
0-2: Ball
1-2: Ball
2-2: Grounds into double play, 5-4-3 (Groundball, 56, EV 105.6 MPH)
Top of the 4th over - 0 runs, 1 hit, 0 errors, 1 left on base; Orlando 0 - Iron City 1
BOTTOM OF THE 4TH
Iron City Eddies batting - Pitching for Orlando Oracles : LHP Gregory Allen
Batting: RHB Jason Wright 0-0: Called Strike
0-1: Fly out, F8 (Flyball, 8LM, EV 91.9 MPH)
Batting: RHB Jed Hembree 0-0: Called Strike
0-1: Ball
1-1: Swinging Strike
1-2: Foul Ball, location: 9LMF
1-2: SOLO HOME RUN (Flyball, 7LD, EV 96.3 MPH), Distance : 359 ft
Batting: RHB John Orsino 0-0: Ball
1-0: Ball
2-0: Foul Ball, location: 25F
2-1: Called Strike
2-2: Strikes out swinging
Batting: RHB Alex Díaz 0-0: Ball
1-0: Called Strike
1-1: Ball
2-1: Ball
3-1: Foul Ball, location: 2F
3-2: Foul Ball, location: 23F
3-2: Strikes out swinging
Bottom of the 4th over - 1 run, 1 hit, 0 errors, 0 left on base; Orlando 0 - Iron City 2
TOP OF THE 5TH
Orlando Oracles batting - Pitching for Iron City Eddies : RHP Bill Parsons
Batting: LHB Ken'ichi Taketo 0-0: Ball
1-0: Ball
2-0: Ground out U3 (Groundball, 34S, EV 81.9 MPH)
Batting: RHB Miguel Chávez 0-0: Ball
1-0: Ball
2-0: Ball
3-0: Called Strike
3-1: Called Strike
3-2: Foul Ball, location: 5DF
3-2: Base on Balls
Batting: RHB Dan Brown 0-0: Ball
1-0: Ball
2-0: Foul Ball, location: 2F
2-1: Foul Ball, location: 2F
2-2: Grounds into double play, 6-4-3 (Groundball, 6, EV 81.9 MPH)
Top of the 5th over - 0 runs, 0 hits, 0 errors, 0 left on base; Orlando 0 - Iron City 2
BOTTOM OF THE 5TH
Iron City Eddies batting - Pitching for Orlando Oracles : LHP Gregory Allen
Batting: LHB Vic Davalillo 0-0: Called Strike
0-1: Ground out U3 (Groundball, 34S, EV 79.4 MPH)
Batting: RHB Bill Parsons 0-0: Ball
1-0: Foul Ball, location: 2F
1-1: Foul Ball, location: 23F
1-2: Foul Ball, location: 2F
1-2: Strikes out swinging
Batting: RHB Mike Ellis 0-0: Called Strike
0-1: Ball
1-1: Ball
2-1: Ball
3-1: Base on Balls
Batting: SHB Larry Bowa 0-0: Ball
1-0: Ball
2-0: Foul Ball, location: 9LMF
2-1: Foul Ball, location: 2F
2-2: Fly out, F8 (Flyball, 8LD, EV 103.8 MPH)
Bottom of the 5th over - 0 runs, 0 hits, 0 errors, 1 left on base; Orlando 0 - Iron City 2
TOP OF THE 6TH
Orlando Oracles batting - Pitching for Iron City Eddies : RHP Bill Parsons
Batting: LHB Gregory Allen 0-0: Ball
1-0: Called Strike
1-1: Ball
2-1: SINGLE (Groundball, 34D, EV 110.0 MPH)
Batting: LHB Matty Alou 0-0: Ball
1-0: Grounds into double play, 4-6-3 (Groundball, 4M, EV 96.9 MPH)
Batting: RHB Bill Freehan 0-0: Ball
1-0: Fly out, F8 (Flyball, 8RD, EV 103.8 MPH)
Top of the 6th over - 0 runs, 1 hit, 0 errors, 0 left on base; Orlando 0 - Iron City 2
BOTTOM OF THE 6TH
Iron City Eddies batting - Pitching for Orlando Oracles : LHP Gregory Allen
Batting: RHB Dwaine Bullivant 0-0: SINGLE (Line Drive, 3D, EV 95.0 MPH)
Batting: RHB Jason Wright 0-0: Swinging Strike
0-1: Ball
1-1: Ball
2-1: Ball
3-1: Base on Balls
Dwaine Bullivant to second
Batting: RHB Jed Hembree 0-0: Ball
1-0: Grounds into double play, 6-4-3 (Groundball, 6, EV 99.4 MPH)
Dwaine Bullivant to third
Batting: RHB John Orsino 0-0: Foul Ball, location: 3F
0-1: SINGLE (Flyball, 8LS, EV 92.5 MPH)
Dwaine Bullivant scores
Batting: RHB Alex Díaz 0-0: Foul Ball, location: 2F
0-1: Ball
1-1: Called Strike
1-2: Ground out 5-3 (Groundball, 56S, EV 91.9 MPH)
Bottom of the 6th over - 1 run, 2 hits, 0 errors, 1 left on base; Orlando 0 - Iron City 3
TOP OF THE 7TH
Orlando Oracles batting - Pitching for Iron City Eddies : RHP Bill Parsons
Now at 2B: Alex Díaz
Now at SS: Saran Vakil
Now in RF: Fernando Pérez
Batting: LHB Rusty Staub 0-0: Foul Ball, location: 7LMF
0-1: Ball
1-1: Ball
2-1: Fly out, F7 (Flyball, 7S, EV 91.3 MPH)
Batting: LHB Ron Gamble 0-0: Ball
1-0: Ground out 4-3 (Groundball, 4, EV 85.0 MPH)
Batting: RHB Edward Wilson 0-0: Foul Ball, location: 2F
0-1: Called Strike
0-2: Ball
1-2: Strikes out swinging
Top of the 7th over - 0 runs, 0 hits, 0 errors, 0 left on base; Orlando 0 - Iron City 3
BOTTOM OF THE 7TH
Iron City Eddies batting - Pitching for Orlando Oracles : LHP Gregory Allen
Batting: LHB Vic Davalillo 0-0: Ground out 4-3 (Groundball, 4, EV 85.6 MPH)
Batting: RHB Bill Parsons 0-0: Ball
1-0: Ball
2-0: Foul Ball, location: 9LDF
2-1: Called Strike
2-2: Ball
3-2: Strikes out swinging
Batting: RHB Mike Ellis 0-0: Ball
1-0: Ball
2-0: Foul Ball, location: 3FF
2-1: Ball
3-1: SINGLE (Groundball, 34D, EV 108.1 MPH)
Batting: LHB Fernando Pérez 0-0: Ball
Mike Ellis is caught stealing 2nd base 2-6
Bottom of the 7th over - 0 runs, 1 hit, 0 errors, 0 left on base; Orlando 0 - Iron City 3
TOP OF THE 8TH
Orlando Oracles batting - Pitching for Iron City Eddies : RHP Bill Parsons
Batting: LHB Ken'ichi Taketo 0-0: Ball
1-0: Ball
2-0: Foul Ball, location: 2F
2-1: Called Strike
2-2: Foul Ball, location: 2F
2-2: Ball
3-2: Base on Balls
Batting: RHB Miguel Chávez
Pinch Hitting: RHB Bob Robertson 0-0: Swinging Strike
0-1: Fly out, F8 (Flyball, 78M, EV 83.8 MPH)
Pinch Hitting: LHB Kevin Crum 0-0: Ball
1-0: Ball
2-0: SINGLE (Line Drive, 34D, EV 96.9 MPH)
Ken'ichi Taketo to second
Runner from 2nd tries for 3rd, SAFE, throw by RF made to third
Pinch Hitting: RHB Cesar Cedeno 0-0: Swinging Strike
0-1: Fly out, F9 (Flyball, 9D, EV 101.3 MPH)
Batting: LHB Matty Alou 0-0: Ball
1-0: Ball
2-0: Ball
3-0: Base on Balls
Kevin Crum to second
Pitching: RHP Thomas Watts
Batting: RHB Bill Freehan 0-0: Swinging Strike
0-1: Ball
1-1: Ball
2-1: Foul Ball, location: 25FF
2-2: Foul Ball, location: 2F
2-2: Ball
3-2: Fly out, F9 (Flyball, 9D, EV 92.5 MPH)
Top of the 8th over - 0 runs, 1 hit, 0 errors, 3 left on base; Orlando 0 - Iron City 3
BOTTOM OF THE 8TH
Iron City Eddies batting - Pitching for Orlando Oracles : LHP Gregory Allen
Pitching: RHP Dean Chance
Now at 2B: Ryan Hannigan
Now at SS: Brian Burkill
Batting: LHB Fernando Pérez 0-0: Ball
1-0: Swinging Strike
1-1: Foul Ball, location: 7LMFF
1-2: Foul Ball, location: 5FF
1-2: Strikes out swinging
Batting: RHB Dwaine Bullivant 0-0: Ball
1-0: TRIPLE (Line Drive, 89XD, EV 106.9 MPH)
Batting: RHB Jason Wright 0-0: Ball
1-0: Called Strike
1-1: Ball
2-1: Swinging Strike
2-2: Foul Ball, location: 9LMF
2-2: SINGLE (Line Drive, 89S, EV 90.0 MPH)
Dwaine Bullivant scores
Batting: LHB Saran Vakil 0-0: Called Strike
0-1: Ball
Jason Wright is caught stealing 2nd base 2-6
1-1: Called Strike
1-2: Ball
2-2: Ball
3-2: Strikes out swinging
Bottom of the 8th over - 1 run, 2 hits, 0 errors, 0 left on base; Orlando 0 - Iron City 4
TOP OF THE 9TH
Orlando Oracles batting - Pitching for Iron City Eddies : RHP Thomas Watts
Batting: LHB Rusty Staub 0-0: Ball
1-0: Swinging Strike
1-1: Ball
2-1: Foul Ball, location: 25FF
2-2: Foul Ball, location: 3DF
2-2: Foul Ball, location: 5F
2-2: Strikes out swinging
Batting: LHB Ron Gamble 0-0: Swinging Strike
0-1: Foul Ball, location: 2F
0-2: Strikes out swinging
Batting: RHB Edward Wilson 0-0: Called Strike
0-1: Ball
1-1: Foul Ball, location: 2F
1-2: Fly out, F4 (Line Drive, 4, EV 69.4 MPH)
Top of the 9th over - 0 runs, 0 hits, 0 errors, 0 left on base; Orlando 0 - Iron City 4
Wednesday, March 6th , 2024 - OOTP Baseball 24.8 Build 75